3AAA
PORT ROYAL DISASTER @ SCRANTON SUPERNOVAS
07/21/2022
 
TOP OF THE 1ST
Port Royal Disaster batting - Pitching for Scranton Supernovas : LHP Ron O'Slattery
Pitching: LHP Ron O'Slattery
Batting: RHB Javier Martínez 0-0: Ball
1-0: Foul Ball, location: 2F
1-1: Foul Ball, location: 2F
1-2: Ball
2-2: Strikes out looking
Batting: LHB Peter Paul 0-0: Called Strike
0-1: Foul Ball, location: 2F
0-2: Ball
1-2: Ball
2-2: Ball
3-2: Ground out U3 (Groundball, 3S)
Batting: RHB Iván Vega 0-0: Called Strike
0-1: Ground out 5-3 (Groundball, 56)
Top of the 1st over - 0 run(s), 0 hit(s), 0 error(s), 0 left on base; Port Royal 0 - Scranton 0
BOTTOM OF THE 1ST
Scranton Supernovas batting - Pitching for Port Royal Disaster : RHP Reynaldo Ortíz
Pitching: RHP Reynaldo Ortíz
Batting: RHB Keith MacKey 0-0: Ball
1-0: Foul Ball, location: 2F
1-1: Ball
2-1: Foul Ball, location: 2F
2-2: Strikes out looking
Batting: RHB Josh Stafford 0-0: Ball
1-0: Called Strike
1-1: Ground out 5-3 (Groundball, 5)
Batting: RHB Ethan Stanford 0-0: Ball
1-0: Foul Ball, location: 2F
1-1: Swinging Strike
1-2: Ball
2-2: Ball
3-2: Ground out 5-3 (Groundball, 5S)
Bottom of the 1st over - 0 run(s), 0 hit(s), 0 error(s), 0 left on base; Port Royal 0 - Scranton 0
TOP OF THE 2ND
Port Royal Disaster batting - Pitching for Scranton Supernovas : LHP Ron O'Slattery
Batting: LHB Guillermo Romero 0-0: Called Strike
0-1: Called Strike
0-2: Ball
1-2: Ball
2-2: Ball
3-2: Base on Balls
Batting: LHB Javier Sánchez 0-0: Ball
1-0: DOUBLE (Line Drive, 9LS)
Guillermo Romero to third
Runner from 3rd tries for Home, SAFE, no throw or cutoff
Batting: LHB Frank Wentworth 0-0: Foul Ball, location: 2F
0-1: SINGLE (Flyball, 78M)
Javier Sánchez to third
Batting: RHB Toshitsugu Sakamoto 0-0: Fielders Choice at 2nd, 5-4 (Groundball, 56)
Javier Sánchez scores
Batting: LHB Nelson Sanders 0-0: Ball
1-0: Ball
2-0: Called Strike
2-1: Ball
3-1: Base on Balls
Toshitsugu Sakamoto to second
Batting: RHB Brandon Cooper 0-0: Ball
1-0: Swinging Strike
1-1: Called Strike
1-2: Fly out, F7 (Line Drive, 7M)
Batting: RHB Javier Martínez 0-0: Ball
1-0: Called Strike
1-1: Ball
2-1: Foul Ball, location: 2F
2-2: Fly out, F9 (Line Drive, 89M)
Top of the 2nd over - 2 run(s), 2 hit(s), 0 error(s), 2 left on base; Port Royal 2 - Scranton 0
BOTTOM OF THE 2ND
Scranton Supernovas batting - Pitching for Port Royal Disaster : RHP Reynaldo Ortíz
Batting: LHB Héctor Torres 0-0: Called Strike
0-1: Foul Ball, location: 2F
0-2: Strikes out swinging
Batting: RHB Lance Davis 0-0: Called Strike
0-1: Foul Ball, location: 2F
0-2: Ball
1-2: Ball
2-2: DOUBLE (Line Drive, 8LXD)
Batting: RHB Patrizio Vanali 0-0: Called Strike
0-1: Foul Ball, location: 2F
0-2: Ball
1-2: Ball
2-2: Fly out, F8 (Flyball, 8RXD)
Runner from 2nd tags up, SAFE at 3rd, no throw
Batting: LHB Steven Johnson 0-0: Foul Ball, location: 2F
0-1: Ball
1-1: Ball
2-1: Foul Ball, location: 2F
2-2: Ball
3-2: Strikes out swinging
Bottom of the 2nd over - 0 run(s), 1 hit(s), 0 error(s), 1 left on base; Port Royal 2 - Scranton 0
TOP OF THE 3RD
Port Royal Disaster batting - Pitching for Scranton Supernovas : LHP Ron O'Slattery
Batting: LHB Peter Paul 0-0: Called Strike
0-1: Swinging Strike
0-2: Strikes out swinging
Batting: RHB Iván Vega 0-0: Called Strike
0-1: Ball
1-1: Foul Ball, location: 2F
1-2: Ball
2-2: DOUBLE (Line Drive, 7LS)
Batting: LHB Guillermo Romero 0-0: Foul Ball, location: 2F
0-1: Foul Ball, location: 2F
0-2: Fly out, F8 (Flyball, 89M)
Batting: LHB Javier Sánchez 0-0: Ball
1-0: Ball
2-0: Called Strike
2-1: Fly out, F6 (Popup, 6D)
Top of the 3rd over - 0 run(s), 1 hit(s), 0 error(s), 1 left on base; Port Royal 2 - Scranton 0
BOTTOM OF THE 3RD
Scranton Supernovas batting - Pitching for Port Royal Disaster : RHP Reynaldo Ortíz
Batting: RHB Stephen Blair 0-0: Swinging Strike
0-1: Fly out, F7 (Flyball, 7LM)
Batting: RHB Jerome Wilson 0-0: Ground out 6-3 (Groundball, 6M)
Batting: RHB Keith MacKey 0-0: Ball
1-0: Ball
2-0: Ball
3-0: Base on Balls
Batting: RHB Josh Stafford 0-0: Ball
Keith MacKey steals 2nd base
1-0: Called Strike
1-1: Ground out 4-3 (Groundball, 4)
Bottom of the 3rd over - 0 run(s), 0 hit(s), 0 error(s), 1 left on base; Port Royal 2 - Scranton 0
TOP OF THE 4TH
Port Royal Disaster batting - Pitching for Scranton Supernovas : LHP Ron O'Slattery
Batting: LHB Frank Wentworth 0-0: Ball
1-0: Foul Ball, location: 2F
1-1: Ball
2-1: Fly out, F7 (Flyball, 78M)
Batting: RHB Toshitsugu Sakamoto 0-0: Called Strike
0-1: Ball
1-1: Ground out 1-3 (Groundball, 15)
Batting: LHB Nelson Sanders 0-0: Fly out, F8 (Line Drive, 8RS)
Top of the 4th over - 0 run(s), 0 hit(s), 0 error(s), 0 left on base; Port Royal 2 - Scranton 0
BOTTOM OF THE 4TH
Scranton Supernovas batting - Pitching for Port Royal Disaster : RHP Reynaldo Ortíz
Batting: RHB Ethan Stanford 0-0: Ball
1-0: Ball
2-0: Foul Ball, location: 2F
2-1: Ball
3-1: SINGLE (Groundball, 6D)
Batting: LHB Héctor Torres 0-0: Called Strike
0-1: Foul Ball, location: 2F
0-2: SINGLE (Groundball, 34)
Ethan Stanford to second
Runner from 2nd tries for 3rd, SAFE, throw made to third
Batting: RHB Lance Davis 0-0: Foul Ball, location: 2F
0-1: Ball
1-1: Foul Ball, location: 2F
1-2: Ball
2-2: Ball
3-2: Foul Ball, location: 2F
3-2: Strikes out looking
Batting: RHB Patrizio Vanali 0-0: Ball
1-0: Swinging Strike
1-1: Foul Ball, location: 2F
1-2: Foul Ball, location: 2F
1-2: Ball
2-2: Ball
3-2: Foul Ball, location: 2F
3-2: Foul Ball, location: 2F
3-2: Base on Balls
Héctor Torres to second
Batting: LHB Steven Johnson 0-0: Called Strike
0-1: Foul Ball, location: 2F
0-2: Ball
1-2: Ball
2-2: Foul Ball, location: 2F
2-2: Strikes out swinging
Batting: RHB Stephen Blair 0-0: Foul Ball, location: 2F
0-1: Ball
1-1: Swinging Strike
1-2: Ball
2-2: Foul Ball, location: 2F
2-2: Strikes out looking
Bottom of the 4th over - 0 run(s), 2 hit(s), 0 error(s), 3 left on base; Port Royal 2 - Scranton 0
TOP OF THE 5TH
Port Royal Disaster batting - Pitching for Scranton Supernovas : LHP Ron O'Slattery
Batting: RHB Brandon Cooper 0-0: Called Strike
0-1: Ball
1-1: Called Strike
1-2: Foul Ball, location: 2F
1-2: Strikes out looking
Batting: RHB Javier Martínez 0-0: Ball
1-0: Ground out 5-3 (Groundball, 56)
Batting: LHB Peter Paul 0-0: Fly out, F8 (Flyball, 8RM)
Top of the 5th over - 0 run(s), 0 hit(s), 0 error(s), 0 left on base; Port Royal 2 - Scranton 0
BOTTOM OF THE 5TH
Scranton Supernovas batting - Pitching for Port Royal Disaster : RHP Reynaldo Ortíz
Batting: RHB Jerome Wilson 0-0: Bunt for hit - play at first, batter OUT! 5-3
Batting: RHB Keith MacKey 0-0: Ball
1-0: Foul Ball, location: 2F
1-1: Foul Ball, location: 2F
1-2: Foul Ball, location: 2F
1-2: Ball
2-2: Ball
3-2: Foul Ball, location: 2F
3-2: Base on Balls
Batting: RHB Josh Stafford 0-0: Ball
1-0: Called Strike
1-1: Ball
2-1: Foul Ball, location: 2F
2-2: Ball
3-2: Strikes out swinging
Keith MacKey steals 2nd base
Batter strikes out.
Batting: RHB Ethan Stanford 0-0: Called Strike
0-1: Foul Ball, location: 2F
0-2: Fly out, F6 (Popup, 6D)
Bottom of the 5th over - 0 run(s), 0 hit(s), 0 error(s), 1 left on base; Port Royal 2 - Scranton 0
TOP OF THE 6TH
Port Royal Disaster batting - Pitching for Scranton Supernovas : LHP Ron O'Slattery
Batting: RHB Iván Vega 0-0: Fly out, F8 (Line Drive, 8LM)
Batting: LHB Guillermo Romero 0-0: Ball
1-0: Ball
2-0: Fly out, F5 (Popup, 5L)
Batting: LHB Javier Sánchez 0-0: Called Strike
0-1: Ground out 3-1 (Groundball, 3)
Top of the 6th over - 0 run(s), 0 hit(s), 0 error(s), 0 left on base; Port Royal 2 - Scranton 0
BOTTOM OF THE 6TH
Scranton Supernovas batting - Pitching for Port Royal Disaster : RHP Reynaldo Ortíz
Batting: LHB Héctor Torres 0-0: Ball
1-0: Ball
2-0: Ball
3-0: Base on Balls
Batting: RHB Lance Davis 0-0: Called Strike
0-1: Swinging Strike
0-2: Ball
1-2: Fly out, F8 (Flyball, 8RM)
Pitching: RHP Ben Fallon
Batting: RHB Patrizio Vanali 0-0: Ball
1-0: Foul Ball, location: 2F
1-1: Swinging Strike
1-2: DOUBLE (Line Drive, 7LS)
Héctor Torres to third
Runner from 3rd tries for Home, SAFE, throw made home
Batting: LHB Steven Johnson 0-0: Ball
1-0: Foul Ball, location: 2F
1-1: Called Strike
1-2: Ball
2-2: Foul Ball, location: 2F
2-2: Ball
3-2: Foul Ball, location: 2F
3-2: Fly out, F5 (Popup, 2L)
Batting: RHB Stephen Blair 0-0: Called Strike
0-1: Ball
1-1: Foul Ball, location: 2F
1-2: Foul Ball, location: 2F
1-2: Foul Ball, location: 2F
1-2: Strikes out looking
Bottom of the 6th over - 1 run(s), 1 hit(s), 0 error(s), 1 left on base; Port Royal 2 - Scranton 1
TOP OF THE 7TH
Port Royal Disaster batting - Pitching for Scranton Supernovas : LHP Ron O'Slattery
Batting: LHB Frank Wentworth 0-0: Ball
1-0: Foul Ball, location: 2F
1-1: SINGLE (Line Drive, 78M)
Batting: RHB Toshitsugu Sakamoto 0-0: Fly out, F8 (Line Drive, 8LM)
Pinch Hitting: RHB Martín Méndez 0-0: Ball
1-0: Ball
2-0: Ball
3-0: Called Strike
3-1: Ground out 5-3 (Groundball, 5S)
Frank Wentworth to second
Batting: RHB Brandon Cooper 0-0: Ball
1-0: Called Strike
1-1: Foul Ball, location: 2F
1-2: Foul Ball, location: 2F
1-2: SINGLE (Line Drive, 4D)
Frank Wentworth to third
Runner from 3rd tries for Home, SAFE, no throw or cutoff
Batting: RHB Javier Martínez 0-0: Ball
1-0: Ball
2-0: Ball
3-0: Called Strike
3-1: Fielders Choice at 2nd, 5-4 (Groundball, 56)
Top of the 7th over - 1 run(s), 2 hit(s), 0 error(s), 0 left on base; Port Royal 3 - Scranton 1
BOTTOM OF THE 7TH
Scranton Supernovas batting - Pitching for Port Royal Disaster : RHP Ben Fallon
Now at SS: Barnett Armstrong
Batting: RHB Jerome Wilson 0-0: Called Strike
0-1: Ball
1-1: Ball
2-1: Swinging Strike
2-2: Foul Ball, location: 2F
2-2: Ball
3-2: Foul Ball, location: 2F
3-2: Foul Ball, location: 2F
3-2: Foul Ball, location: 2F
3-2: Foul Ball, location: 2F
3-2: Foul Ball, location: 2F
3-2: Base on Balls
Batting: RHB Keith MacKey 0-0: Foul Ball, location: 2F
0-1: Sac Bunt - play at first, batter OUT! 5-4
Jerome Wilson to second
Batting: RHB Josh Stafford 0-0: 2-RUN HOME RUN (Line Drive, 78XD), Distance : 439 ft
Batting: RHB Ethan Stanford 0-0: Ball
1-0: Called Strike
1-1: Foul Ball, location: 2F
1-2: SINGLE (Groundball, 3D)
Batting: LHB Héctor Torres 0-0: Ball
1-0: Fly out, F3 (Line Drive, 3S)
Batting: RHB Lance Davis 0-0: Ball
Ethan Stanford is caught stealing 2nd base
Bottom of the 7th over - 2 run(s), 2 hit(s), 0 error(s), 0 left on base; Port Royal 3 - Scranton 3
TOP OF THE 8TH
Port Royal Disaster batting - Pitching for Scranton Supernovas : LHP Ron O'Slattery
Pinch Hitting: RHB David Gómez 0-0: Fly out, F8 (Flyball, 8RD)
Batting: RHB Iván Vega 0-0: Ball
1-0: Swinging Strike
1-1: Ball
2-1: Foul Ball, location: 2F
2-2: Foul Ball, location: 2F
2-2: Fly out, F7 (Line Drive, 78M)
Pinch Hitting: SHB Bob Rogers 0-0: Called Strike
0-1: Swinging Strike
0-2: Ball
1-2: Foul Ball, location: 2F
1-2: Fly out, F8 (Flyball, 8RM)
Top of the 8th over - 0 run(s), 0 hit(s), 0 error(s), 0 left on base; Port Royal 3 - Scranton 3
BOTTOM OF THE 8TH
Scranton Supernovas batting - Pitching for Port Royal Disaster : RHP Ben Fallon
Now at 3B: Keith McKnight
Now in CF: Bob Rogers
Batting: RHB Lance Davis 0-0: Called Strike
0-1: Foul Ball, location: 2F
0-2: SINGLE (Groundball, 13) (infield hit)
Batting: RHB Patrizio Vanali 0-0: Ball
1-0: Called Strike
1-1: Fly out, F9 (Flyball, 9M)
1-1: Fly out, F9 (Flyball, 9M)
Batting: LHB Steven Johnson 0-0: Ball
1-0: Called Strike
1-1: Ball
2-1: Foul Ball, location: 2F
2-2: SINGLE (Line Drive, 34)
Lance Davis to second
Pitching: LHP Aukukero Mincarlie Jr.
Batting: RHB Stephen Blair 0-0: Called Strike
0-1: Foul Ball, location: 2F
0-2: Ball
1-2: SINGLE (Flyball, 78S)
Lance Davis to third
Steven Johnson to second
Batting: RHB Jerome Wilson 0-0: Ball
1-0: Ball
2-0: Called Strike
2-1: Fly out, F7 (Line Drive, 78S)
Batting: RHB Keith MacKey 0-0: Foul Ball, location: 2F
0-1: DOUBLE (Flyball, 9LS)
Lance Davis scores
Steven Johnson scores
Stephen Blair to third
Batting: RHB Josh Stafford 0-0: Called Strike
0-1: Ball
1-1: Ground out 4-3 (Groundball, 34)
Bottom of the 8th over - 2 run(s), 4 hit(s), 0 error(s), 2 left on base; Port Royal 3 - Scranton 5
TOP OF THE 9TH
Port Royal Disaster batting - Pitching for Scranton Supernovas : LHP Ron O'Slattery
Pitching: LHP Jim Unknown
Now at 2B: Neil Nash
Now at SS: Phil Fleming
Batting: LHB Javier Sánchez 0-0: Ground out 6-3 (Groundball, 6)
Batting: LHB Frank Wentworth 0-0: Swinging Strike
0-1: Ball
1-1: Ground out U3 (Groundball, 3L)
Batting: RHB Toshitsugu Sakamoto 0-0: Ball
1-0: Called Strike
1-1: Foul Ball, location: 2F
1-2: Foul Ball, location: 2F
1-2: Ball
2-2: Ball
3-2: Foul Ball, location: 2F
3-2: Base on Balls
Pinch Hitting: RHB Stu Shaw 0-0: Called Strike
0-1: Foul Ball, location: 2F
0-2: Ball
1-2: Foul Ball, location: 2F
1-2: Ball
2-2: Foul Ball, location: 2F
2-2: Ball
3-2: Foul Ball, location: 2F
3-2: Base on Balls
Toshitsugu Sakamoto to second
Batting: RHB Brandon Cooper 0-0: Ball
1-0: Ball
2-0: Fielders Choice at 2nd, 5-4 (Groundball, 56)
Top of the 9th over - 0 run(s), 0 hit(s), 0 error(s), 1 left on base; Port Royal 3 - Scranton 5
This league is powered by Out of the Park Baseball, the baseball management simulation game for PC, Mac and Linux
Friday, April 15th, 2016 - OOTP Baseball 16.9 Build 39